[ AOE2 MATCH · #507336300 ]
UnrankedMongols vs Poles
Player's team · WIN
Rival team · LOSS
[ REPLAY ANALYSIS · EXTRACTED FROM THE RECORDED GAME ]
Feudal
8:51
Castle
—
Imperial
—
| APM avg | 67.3 |
| APM peak | 81 |
| eAPM avg | 27.5 |
| Villagers / military | 22 / 3 |
Focus
⚔️ 44.2% · 🌾 55.8%
Militia ×3
Feudal
—
Castle
—
Imperial
—
| APM avg | 82.1 |
| APM peak | 116 |
| eAPM avg | 31.8 |
| Villagers / military | 33 / 7 |
Focus
⚔️ 39.0% · 🌾 61.0%
Militia ×7
Match map
Initial resources + every placement click. Lines = walls · curves = elevation contours. ◆ gold · ⬟ stone · ● berries · ✦ relic · ◌ wall gap
Your base
AZG021113's base
Smoothed initial terrain · ◌ = detected wall gap · hover for details
Inputs per minute
— HXSSS7 - - AZG021113
Build order — HXSSS7
36 actions detected in the replay
| 0:00 | Queue | Villager (Male) |
| 0:01 | Queue | Villager (Male) |
| 0:01 | Queue | Villager (Male) |
| 0:01 | Queue | Villager (Male) |
| 0:02 | Build | House |
| 0:03 | Build | House |
| 1:24 | Queue | Villager (Male) |
| 1:59 | Queue | Villager (Male) |
| 1:59 | Queue | Villager (Male) |
| 2:09 | Build | Lumber Camp |
| 2:30 | Queue | Villager (Male) |
| 2:49 | Queue | Villager (Male) |
| 2:49 | Queue | Villager (Male) |
| 2:59 | Queue | Villager (Male) |
| 2:59 | Queue | Villager (Male) |
| 3:46 | Queue | Villager (Male) |
| 3:47 | Queue | Villager (Male) |
| 3:48 | Build | House |
| 3:59 | Queue | Villager (Male) |
| 3:59 | Queue | Villager (Male) |
| 4:30 | Queue | Villager (Male) |
| 4:30 | Queue | Villager (Male) |
| 5:20 | Queue | Villager (Male) |
| 5:25 | Build | Barracks |
| 5:39 | Queue | Villager (Male) |
| 5:51 | Build | House |
| 5:56 | Research | Loom |
| 6:40 | Research | Feudal Age |
| 6:41 | Research | Feudal Age |
| 6:50 | Queue | Militia |
| 6:50 | Queue | Militia |
| 7:34 | Queue | Militia |
| 7:46 | Build | Mill |
| 8:46 | Queue | Villager (Male) |
| 8:48 | Queue | Villager (Male) |
| 8:51 | Age | Feudal Age |
Build order — AZG021113
46 actions detected in the replay
| 0:01 | Queue | Villager (Male) ×4 |
| 0:01 | Queue | Villager (Male) ×4 |
| 0:02 | Build | House |
| 0:04 | Build | House |
| 1:07 | Build | Lumber Camp |
| 1:30 | Queue | Villager (Male) |
| 2:13 | Queue | Villager (Male) |
| 2:13 | Queue | Villager (Male) |
| 2:13 | Queue | Villager (Male) |
| 2:13 | Queue | Villager (Male) |
| 2:32 | Queue | Villager (Male) |
| 2:33 | Queue | Villager (Male) |
| 3:04 | Queue | Villager (Male) |
| 3:05 | Queue | Villager (Male) |
| 3:22 | Queue | Villager (Male) |
| 3:22 | Queue | Villager (Male) |
| 3:22 | Queue | Villager (Male) |
| 3:22 | Queue | Villager (Male) |
| 3:22 | Queue | Villager (Male) |
| 4:02 | Queue | Villager (Male) |
| 4:09 | Build | House |
| 4:25 | Queue | Villager (Male) |
| 4:42 | Queue | Villager (Male) |
| 4:42 | Queue | Villager (Male) |
| 4:58 | Queue | Villager (Male) |
| 5:09 | Build | Barracks |
| 5:59 | Queue | Villager (Male) |
| 5:59 | Queue | Villager (Male) |
| 6:12 | Queue | Militia |
| 6:12 | Queue | Militia |
| 6:12 | Queue | Militia |
| 6:14 | Build | House |
| 6:39 | Queue | Militia |
| 6:39 | Queue | Militia |
| 6:47 | Build | Outpost |
| 6:52 | Queue | Villager (Male) |
| 7:28 | Queue | Villager (Male) |
| 7:46 | Build | Palisade Gate |
| 7:51 | Build | Palisade Wall |
| 7:56 | Build | Palisade Wall |
| 8:16 | Build | Palisade Wall |
| 8:20 | Build | Palisade Wall |
| 8:25 | Queue | Militia |
| 8:25 | Queue | Militia |
| 8:26 | Queue | Villager (Male) |
| 8:43 | Queue | Villager (Male) |
Match timeline
| 5:09 | AZG021113 · first_building Barracks |
| 5:25 | HXSSS7 · first_building Barracks |
| 7:51 | AZG021113 · wall_segment Palisade Wall x1 |
| 7:56 | AZG021113 · wall_segment Palisade Wall x1 |
| 8:16 | AZG021113 · wall_segment Palisade Wall x1 |
| 8:20 | AZG021113 · wall_segment Palisade Wall x1 |
| 8:51 | HXSSS7 · age_up feudal |
| 9:04 | AZG021113 · resign |
[ AI ANALYSIS · 1 CREDIT ]
What really happened in this match?
Wolo.gg analyzes every decision: build order, eco, micro, common mistakes by bracket. Personalized analysis on WhatsApp or Discord in 30 seconds.
Civ guide
Mongols
Perfil
Jugador #13539382